 Dungeon Crawl Stone Soup version 0.30-a0-459-g9104f0fc43 (webtiles) character file.

Game seed: 6626114883398710003

1938 cforsyth the Grappler (level 8, 0/81 HPs)
             Began as a Troll Fighter on Dec 15, 2022.
             Slain by a gnoll
             ... wielding a +0 spear
             ... led by a gnoll bouda
              (7 damage)
             ... on level 7 of the Dungeon.
             The game lasted 00:08:20 (5623 turns).

cforsyth the Grappler (Troll Fighter)               Turns: 5623, Time: 00:08:20

Health: 0/81       AC:  4    Str: 25    XL:     8   Next: 97%
Magic:  7/7        EV:  8    Int:  6    God:
Gold:   103        SH:  8    Dex:  9    Spells: 7/7 levels left

rFire   + . .      SeeInvis .      - Unarmed
rCold   + . .      Faith    .    b - +0 kite shield
rNeg    . . .      Spirit   .    a - +0 robe
rPois   .          Reflect  .    (helmet restricted)
rElec   .          Harm     .    (no cloak)
rCorr   .          Rampage  .    (gloves unavailable)
Will    .....                    (boots unavailable)
Stlth   +.........               (no amulet)
HPRegen 1.13/turn                e - ring of protection from fire
MPRegen 0.10/turn                s - ring of protection from cold

@: slowed, very slow
A: large, unfitting armour, claws 3, regeneration 1, shaggy fur 1, tough skin 1
a: no special abilities


You were on level 7 of the Dungeon.
You visited 1 branch of the dungeon, and saw 7 of its levels.
You also visited: Sewer.

You collected 251 gold pieces.
You spent 148 gold pieces at shops.

Inventory:

Armour
 a - a +0 robe (worn)
 b - a +0 kite shield (worn)
 t - the +1 robe of Imperfection {*Corrode Will+++ Str+7}
   (You bought it in a shop on level 3 of the Dungeon)

   Str:       It affects your strength (+7).
   *Corrode:  It may corrode you when you take damage.
   Will:      It greatly increases your willpower.
Jewellery
 e - a ring of protection from fire (left claw)
 n - a ring of protection from fire
 s - a ring of protection from cold (right claw)
Wands
 y - a wand of charming (4)
Scrolls
 d - a scroll of summoning {unknown}
 f - 4 scrolls of vulnerability
 g - 2 scrolls of poison
 h - a scroll of enchant weapon {unknown}
 j - 5 scrolls of teleportation
 l - 3 scrolls of identify {unknown}
 o - a scroll of amnesia
 p - 2 scrolls of fog {unknown}
 v - a scroll of immolation {unknown}
 x - a scroll of blinking {unknown}
Potions
 c - 4 potions of might
 i - 3 potions of brilliance {unknown}
 k - 3 potions of heal wounds {unknown}
 m - 4 potions of flight {unknown}
 q - a potion of cancellation {unknown}
 r - 2 potions of haste {unknown}
 u - 3 potions of curing
 w - a potion of ambrosia {unknown}


   Skills:
 + Level 5.4 Fighting
 - Level 2.5 Dodging
 + Level 6.0 Shields
 * Level 8.5 Unarmed Combat


You had 7 spell levels left.
You didn't know any spells.
Your spell library contained the following spells:

 Spells                   Type           Power      Damage    Failure   Level
 Slow                     Hex            0%         N/A       71%         1
 Confusing Touch          Hex            0%         N/A       97%         3
 Vampiric Draining        Necr           0%         2d6       97%         3


Dungeon Overview and Level Annotations

Branches:
Dungeon (7/15)             Temple (0/1) D:4           Sewer (visited)

Altars:
Ashenzari
Elyvilon
Kikubaaqudgha
Okawaru

Shops:
D:3 [

Annotations:
D:5 1 runed translucent door, Vadun's ghost, novice MiFi


Innate Abilities, Weirdness & Mutations

You are too large for most types of armour.
You have claws for hands.
Your natural rate of healing is unusually fast.
You are covered in fur. (AC +1)
You have tough skin. (AC +1)


Message History

You are too injured to fight recklessly!
You are too injured to fight recklessly!
The gnoll bouda attacks as you move away!
The gnoll bouda barely misses you.
You feel very sick.
The gnoll bouda barks out a call to the hunt!
The gnolls pick up the pace!
You see here a +0 club.
The kobold attacks as you move away! The kobold hits you but does no damage.
You feel sick. You block the ogre's attack.
The gnoll bouda barks out a call to the hunt!
The gnoll picks up the pace!
You block the kobold brigand's attack. The kobold attacks as you move away!
The kobold hits you but does no damage.
You feel sick.
An iguana comes into view.
The ogre hits you with a +0 giant club! The kobold attacks as you move away!
You block the kobold's attack.
You feel sick.
The iguana hisses angrily.
The kobold brigand throws a curare-tipped dart.
You block the curare-tipped dart.
A sky beast comes into view.
You feel sick.
You are no longer poisoned.
The gnoll hits you from afar with a +0 spear.
There is a stone staircase leading up here.
The ogre hits you with a +0 giant club!!
* * * LOW HITPOINT WARNING * * *
The gnoll bouda hits you with a +0 club!
* * * LOW HITPOINT WARNING * * *
The sky beast flickers out of sight!
Deactivating autopickup; reactivate with Ctrl-A.
You block the gnoll's attack.
A sky beast appears from thin air!
Reactivating autopickup.
The gnoll bouda hits you with a +0 club.
* * * LOW HITPOINT WARNING * * *
The iguana barely misses you.
The gnoll hits you from afar with a +0 spear!
You die...

......# . ##... .###
.##...##...##
.....#.....# # .
#............ ...
###...K...#....
.....#...gKgg.......
.>......KgKO@l......
...........KK..Y....
......##..gK....ยง{..
....................
........#....?......
......###.#......##.
###... .......### ##.
#........


You could see a sky beast, a kobold brigand, an ogre, a gnoll bouda, an iguana,
4 gnolls and 6 kobolds.

Vanquished Creatures
  Grinder (D:5)
  2 water moccasins (D:6)
  An ice beast (D:6)
  2 sky beasts (D:6)
  A black bear (D:6)
  2 ogres
  A kobold brigand (Sewer)
  2 necrophages
  2 scorpions (D:4)
  2 jellies (D:6)
  3 hounds
  A gnoll bouda (D:6)
  An orc priest (D:5)
  4 orc wizards
  5 gnolls (D:6)
  14 adders
  4 river rats
  A shadow imp (D:6)
  A white imp (D:5)
  2 worms
  3 dart slugs
  23 orcs
  8 ball pythons
  9 bats
  3 bat skeletons (D:4)
  3 bat zombies (D:4)
  9 endoplasms
  2 giant cockroaches
  7 goblins
  4 hobgoblins
  9 jackals
  14 kobolds
  8 quokkas
  6 frilled lizards
  14 rats
174 creatures vanquished.

Vanquished Creatures (others)
  9 plants (Sewer)
9 creatures vanquished.

Grand Total: 183 creatures vanquished

Notes
Turn   | Place    | Note
-------+----------+-------------------------------------------
     0 | D:1      | cforsyth the Troll Fighter began the quest for the Orb.
     0 | D:1      | Reached XP level 1. HP: 22/22 MP: 0/0
   144 | D:1      | Reached XP level 2. HP: 29/29 MP: 1/1
   397 | D:1      | Reached XP level 3. HP: 36/36 MP: 2/2
   675 | D:2      | Reached skill level 3 in Unarmed Combat
   737 | D:2      | Reached XP level 4. HP: 40/44 MP: 3/3
  1229 | D:3      | Found Wely's Antique Armour Shoppe.
  1320 | D:3      | Found an iron altar of Okawaru.
  1408 | D:3      | Reached XP level 5. HP: 36/53 MP: 4/4
  1599 | D:3      | Identified the +1 pair of boots of the Fiend {rElec rN+
                  | Stlth+}
  1813 | D:3      | Found a glowing drain.
  1823 | Sewer    | Entered a sewer
  1862 | Sewer    | Reached skill level 4 in Unarmed Combat
  2183 | Sewer    | Reached XP level 6. HP: 61/61 MP: 5/5
  2581 | D:4      | Reached skill level 5 in Unarmed Combat
  2589 | D:4      | Found a staircase to the Ecumenical Temple.
  2823 | D:4      | Identified the +1 whip of the Fray {protect, rF+ Int+2}
  3035 | D:4      | Found an ancient bone altar of Kikubaaqudgha.
  3282 | D:4      | Reached XP level 7. HP: 67/68 MP: 6/6
  3319 | D:5      | Entered Level 5 of the Dungeon
  3477 | D:5      | Noticed Grinder
  3480 | D:5      | Paralysed by Grinder for 2 turns
  3481 | D:5      | Reached skill level 6 in Unarmed Combat
  3649 | D:3      | Bought an opalescent robe for 148 gold pieces
  3649 | D:3      | Identified the +1 robe of Imperfection {*Corrode Will+++
                  | Str+7} (You bought it in a shop on level 3 of the Dungeon)
  3725 | D:5      | Killed Grinder
  3758 | D:5      | Found a runed translucent door.
  3901 | D:5      | Found a broken altar of Ashenzari.
  4153 | D:5      | Found a white marble altar of Elyvilon.
  4232 | D:5      | Noticed Vadun's ghost (novice MiFi)
  4263 | D:6      | Reached skill level 5 in Shields
  4263 | D:6      | Reached XP level 8. HP: 78/79 MP: 7/7
  4283 | D:6      | Reached skill level 7 in Unarmed Combat
  4692 | D:6      | Reached skill level 5 in Fighting
  4866 | D:6      | Reached skill level 8 in Unarmed Combat
  5623 | D:7      | Slain by a gnoll

Illustrated notes

Levels and vault maps discovered:
D:1:      lightli_arrival_flooded_house, layout_basic
D:2:      layout_loops_ring
D:3:      layout_loops_ring, okawaru_trees_1, portal_sewer_entry_b,
          serial_shops, nicolae_shop_hallway_stairs
D:4:      layout_gridville, kennysheep_vampire_church,
          minmay_temple_entry_statues_fountains
D:5:      layout_rooms, nicolae_ashenzari_panopticon,
          nicolae_overflow_crystal_walls, ebering_ghost_sewer_d, uniq_grinder
D:6:      layout_loops_corners
D:7:      layout_cave_pools, chequers_temple_overflow_minitemple, serial_shops,
          nicolae_inconvenience_store, david_defended_altar_orc

Skill      XL: |  1  2  3  4  5  6  7  8 |
---------------+-------------------------+-----
Shields        | 3 4 5 6 |  6.0
Unarmed Combat | 3 4 5 6 8 |  8.5
Fighting       | 3 4 5 |  5.4
Dodging        | |  2.5

Action                   |  1- 3 |  4- 6 |  7- 9 || total
-------------------------+-------+-------+-------++-------
Melee: Unarmed           |   103 |   256 |   179 ||   538
  Use: Scroll            |       |     4 |       ||     4
 Stab: Sleeping          |     1 |       |     1 ||     2
Armor: Robe              |    39 |    80 |    44 ||   163
Dodge: Dodged            |    40 |    90 |    48 ||   178
Block: Kite shield       |    42 |   104 |    73 ||   219

Table legend: (Time is in decaauts)
 A = Elapsed time spent in this place.
 B = Non-inter-level travel time spent in this place.
 C = Inter-level travel time spent in this place.
 D = Time resting spent in this place.
 E = Time spent auto-exploring this place.
 F = Levels seen in this place.
 G = Mean time per level.
                   A        B        C        D        E       F      G
               +--------+--------+--------+--------+--------+-----+--------+
         Total |   5652 |   5398 |    254 |    378 |   3823 |   8 |  706.5 |
       Dungeon |   5060 |   4806 |    254 |    378 |   3382 |   7 |  722.9 |
         Sewer |    592 |    592 |      0 |      0 |    441 |   1 |  592.0 |
               +--------+--------+--------+--------+--------+-----+--------+

Top non-repeatable levels by time:
     D:6: 1104 daAuts
     D:4: 1008 daAuts
     D:5: 943 daAuts
     D:3: 766 daAuts
     D:1: 642 daAuts
   Sewer: 592 daAuts
     D:2: 579 daAuts
     D:7: 15 daAuts
